 Dungeon Crawl Stone Soup version 0.17.1-3-g152610e (webtiles) character file.

1226 Redz the Cutter (level 8, 0/54 HPs)
             Began as a Halfling Warper on Feb 15, 2016.
             Slain by an orc warrior
             ... wielding a +0 long sword of electrocution
              (20 damage)
             ... on level 6 of the Dungeon on Feb 19, 2016.
             The game lasted 00:41:20 (7993 turns).

Redz the Cutter (Halfling Warper)                   Turns: 7993, Time: 00:41:20

Health: 0/54       AC:  5    Str: 11    XL:     8   Next: 76%
Magic:  4/4        EV: 16    Int: 14    God:
Gold:   486        SH:  0    Dex: 14    Spells: 4 memorised, 4 levels left

rFire  . . .     SeeInvis .     j - +2 short sword (antimagic)
rCold  . . .     Clarity  .     b - +1 leather armour
rNeg   . . .     SustAt   .     (shield restricted)
rPois  +         Gourm    .     n - +0 helmet
rElec  .         Spirit   .     (no cloak)
rCorr  .         Warding  .     (no gloves)
rMut   .         Stasis   .     (no boots)
MR     .....                    B - amulet of rage
Stlth  ++........               w - +1 ring of evasion
                                x - ring of poison resistance

@: exhausted, very slightly contaminated, slowed, very slow, not resistant to
hostile enchantments, unstealthy
A: mutation resistance 1
a: Evoke Berserk Rage


You were on level 6 of the Dungeon.
You were not hungry.

You visited 1 branch of the dungeon, and saw 6 of its levels.

You collected 486 gold pieces.

Inventory:

Hand Weapons
 a - a +0 short sword
 j - a +2 antimagic short sword (weapon)
 F - a +1 hunting sling of velocity
Missiles
 e - 3 tomahawks of dispersal (quivered)
 h - 14 tomahawks
 l - 165 stones
Armour
 b - a +1 leather armour (worn)
 n - a +0 helmet (worn)
Jewellery
 o - an uncursed ring of sustain attributes
 t - an uncursed ring of wizardry {unknown}
 w - a +1 ring of evasion (right hand)
 x - a ring of poison resistance (left hand)
 B - an amulet of rage (around neck)
Scrolls
 i - 3 scrolls of enchant armour
 k - a scroll of identify
 r - a scroll of amnesia
 y - a scroll of remove curse
Potions
 m - a potion of heal wounds
 p - a potion of resistance
 q - a potion of berserk rage
 s - a potion of cancellation
 A - 2 potions of curing
Books
 c - a book of Spatial Translocations

   Spells                             Type                      Level
   a - Apportation                    Translocation                1
   b - Blink                          Translocation                2
   c - Shroud of Golubria             Charms/Translocation         2
   d - Portal Projectile              Translocation                3
   e - Teleport Other                 Translocation                3
   f - Passage of Golubria            Translocation                4
 g - a book of Hinderance

   Spells                             Type                      Level
   a - Confusing Touch                Hexes                        2
   b - Confuse                        Hexes                        3
   c - Gell's Gravitas                Hexes/Translocation          3
   d - Petrify                        Transmutation/Earth          4
   e - Metabolic Englaciation         Hexes/Ice                    5
 v - a book of Changes

   Spells                             Type                      Level
   a - Beastly Appendage              Transmutation                1
   b - Sticks to Snakes               Transmutation                2
   c - Spider Form                    Transmutation/Poison         3
   d - Ice Form                       Ice/Transmutation            4
   e - Blade Hands                    Transmutation                5
Comestibles
 f - 3 bread rations
 z - a meat ration


   Skills:
 * Level 4.1 Fighting
 * Level 6.5 Short Blades
 + Level 3.3(3.5) Slings
 - Level 1.1(1.9) Throwing
 + Level 3.4 Armour
 + Level 4.1 Dodging
 + Level 3.6 Stealth
 + Level 2.7 Spellcasting
 + Level 5.0 Translocations


You had 4 spell levels left.
You knew the following spells:

 Your Spells              Type           Power        Failure   Level  Hunger
a - Apportation           Tloc           ###.......   4%          1    #......
b - Blink                 Tloc           N/A          8%          2    ###....
c - Shroud of Golubria    Chrm/Tloc      #.........   17%         2    ###....
d - Gell's Gravitas       Hex/Tloc       #.........   34%         3    ###....


Dungeon Overview and Level Annotations

Branches:
Dungeon (6/15)
 Temple: D:4-7

Altars:
Cheibriados
Elyvilon
Fedhas
Kikubaaqudgha
Makhleb
Nemelex Xobeh
Trog
Vehumet
Yredelemnul
The Shining One


Innate Abilities, Weirdness & Mutations

You are small and have problems with some larger weapons.
You are somewhat resistant to further mutation.


Message History

The orc warrior hits you with a long sword of electrocution!!
The orc warrior completely misses you. The orc warrior misses you.
You closely miss the orc warrior.
The orc warrior is lightly wounded.
The orc warrior barely misses you.
You hit the orc warrior.
The orc warrior is moderately wounded.
The orc warrior hits you with a long sword of electrocution.
You hit the orc warrior but do no damage.
The orc warrior is moderately wounded.
The orc warrior completely misses you.
You hit the orc warrior but do no damage.
The orc warrior is moderately wounded.
The orc warrior hits you with a long sword of electrocution!
Your leather armour prevents you from hitting the orc warrior.
The orc warrior is moderately wounded.
The orc warrior hits you with a long sword of electrocution.
You are electrocuted!
You die...

#.########......
#...+....#######
#...#....#.....#
#..####..##....#
#.....#.<##....#
#.....+..##....#
###.....#...)....#
#.......##'##...[#
#@######....#....#
#####o# #....#....#
#.g.g.# #....######
#.###.# #..........
#.###+### #..........
#.#.....# #..........
#g#.≈.≈.####..........
#.'.o_g.(.##....######
###.≈.≈.#.......#.....


You could see an orc warrior and a gnoll.

Vanquished Creatures
  2 ice beasts (D:6)
  An ogre (D:4)
  2 eyes of draining (D:4)
  2 scorpions
  2 crimson imps
  2 orc priests
  5 orc wizards (D:5)
  2 iguanas
  A worker ant (D:4)
  A hound zombie (D:6)
  A worker ant zombie (D:6)
  A hound skeleton (D:5)
  6 adders
  11 gnolls
  An ooze (D:2)
  4 worms
  An adder skeleton (D:5)
  A giant gecko (D:3)
  22 orcs
  2 giant cockroaches
  5 hobgoblins
  8 kobolds
  A ball python (D:1)
  9 bats
  4 giant newts
  7 goblins
  13 jackals
  A quokka skeleton (D:3)
  8 rats
126 creatures vanquished.

Notes
Turn   | Place    | Note
--------------------------------------------------------------
     0 | D:1      | Redz the Halfling Warper began the quest for the Orb.
     0 | D:1      | Reached XP level 1. HP: 14/14 MP: 3/3
   305 | D:1      | Reached XP level 2. HP: 17/19 MP: 4/4
   309 | D:1      | Learned a level 2 spell: Blink
   793 | D:1      | Reached XP level 3. HP: 24/24 MP: 5/5
  1194 | D:2      | Reached XP level 4. HP: 18/29 MP: 6/6
  1246 | D:2      | Reached skill level 1 in Stealth
  1590 | D:2      | Upgraded the game from 0.17.1-2-g5865329 to 0.17.1-3-g152610e
  1802 | D:3      | Found a snail-covered altar of Cheibriados.
  2000 | D:2      | Learned a level 2 spell: Shroud of Golubria
  2046 | D:3      | Reached XP level 5. HP: 35/35 MP: 7/7
  2179 | D:3      | Found a glowing golden altar of the Shining One.
  2459 | D:3      | Found a blossoming altar of Fedhas.
  2552 | D:3      | Reached skill level 4 in Translocations
  2559 | D:3      | Found an ancient bone altar of Kikubaaqudgha.
  2660 | D:4      | Noticed an eye of draining
  2661 | D:4      | Found a bloodstained altar of Trog.
  2880 | D:4      | Reached XP level 6. HP: 30/41 MP: 9/9
  3314 | D:4      | Noticed an eye of draining
  3416 | D:4      | Noticed an ogre
  3428 | D:4      | Killed an ogre
  3754 | D:4      | Found a burning altar of Makhleb.
  3754 | D:4      | Found a radiant altar of Vehumet.
  4340 | D:3      | Reached XP level 7. HP: 24/46 MP: 6/10
  4966 | D:4      | Killed an eye of draining
  4966 | D:4      | Reached skill level 5 in Short Blades
  5345 | D:3      | Reached skill level 1 in Slings
  5452 | D:4      | Killed an eye of draining
  5536 | D:5      | Entered Level 5 of the Dungeon
  5845 | D:5      | Reached XP level 8. HP: 41/52 MP: 3/11
  6077 | D:5      | Found a white marble altar of Elyvilon.
  6179 | D:5      | Found a basalt altar of Yredelemnul.
  6190 | D:5      | Learned a level 3 spell: Gell's Gravitas
  7083 | D:6      | Reached skill level 6 in Short Blades
  7826 | D:5      | Reached skill level 5 in Translocations
  7935 | D:6      | Found a sparkling altar of Nemelex Xobeh.
  7993 | D:6      | Slain by an orc warrior

Action                   |  1- 3 |  4- 6 |  7- 9 || total
-------------------------+-------+-------+-------++-------
Melee: Short sword       |   109 |   407 |   456 ||   972
       Unarmed           |       |       |     1 ||     1
 Fire: Hunting sling     |       |       |    35 ||    35
Throw: Tomahawk          |       |       |     2 ||     2
 Cast: Apportation       |     1 |       |       ||     1
       Blink             |       |     4 |     3 ||     7
       Shroud of Golubri |       |     8 |    10 ||    18
  Use: Scroll            |     1 |       |    12 ||    13
       Potion            |       |       |    11 ||    11
 Stab: Sleeping          |     2 |     2 |     1 ||     5
  Eat: Chunk             |     1 |     9 |     8 ||    18
       Beef jerky        |       |     1 |     1 ||     2
       Meat ration       |       |       |     1 ||     1
